cohdb
Replays
Latest Replays
All Replays
Popular Replays
Top Player Replays
Match Explorer
How It Works
Community
CoH3 Stats
Reddit
Sign in to upload your games and track your stats! →
Sign in with Steam
Match 47125834
Unlisted
Match 47125834
Overview
Messages
Build Orders
End
Scout Squad
Scout Squad
Selects Airborne Battlegroup
Selects Pathfinders
Pathfinder Squad
Construct Weapon Support Center
Bazooka Squad
Selects Paratrooper Squad Paradrop
Paratrooper Squad Paradrop
Mechanized Support Center
Construct Medical Station
M3 Armored Personnel Carrier
Selects Anti-tank Gun Team Paradrop
Anti-tank Gun Team Paradrop
Paratrooper Squad Paradrop
Designate Forward Repair Station
Engineer Squad
Selects Recon Loiter
Selects Supply Drop
Supply Drop
Namcolap
Lev
United
~TAB~ THUND3RCHUNKY
0
0
Comments
sign in to comment!
No comments posted yet!